 Dungeon Crawl Stone Soup version 0.18-a0-1628-g61c6396 (webtiles) character file.

117 Oddball22 the Insei (level 5, 0/28 HPs)
             Began as a Vine Stalker Monk on Mar 25, 2016.
             Was a Follower of Ru.
             Slain by Grinder (5 damage)
             ... on level 3 of the Dungeon.
             The game lasted 00:05:27 (1956 turns).

Oddball22 the Insei (Vine Stalker Monk)             Turns: 1956, Time: 00:05:28

Health: 0/28       AC:  2    Str: 14    XL:     5   Next: 1%
Magic:  0/8        EV: 13    Int: 10    God:    Ru [*.....]
Gold:   143        SH:  0    Dex: 17    Spells: 0 memorised, 7 levels left

rFire  . . .     SeeInvis .     f - +0 hand axe (curse)
rCold  . . .     Gourm    .     a - +0 robe
rNeg   . . .     Faith    .     (no shield)
rPois  .         Spirit   +     (no helmet)
rElec  .         Dismiss  .     (no cloak)
rCorr  .         Reflect  .     (no gloves)
SustAt .         Harm     +     (no boots)
MR     .....                    v - amulet of harm
Stlth  ++........               (no ring)
                                (no ring)

@: no scrolls, not resistant to hostile enchantments, unstealthy
A: fangs 2, regeneration 1, magic shield, antimagic bite, no device heal 3, rot
immunity, inability to read while threatened
a: Renounce Religion


You were on level 3 of the Dungeon.
You worshipped Ru.
Ru was aware of your devotion.
You were not hungry.

You visited 1 branch of the dungeon, and saw 3 of its levels.

You collected 143 gold pieces.

Inventory:

Hand Weapons
 f - a cursed +0 hand axe (weapon)
Armour
 a - a +0 robe (worn)
Jewellery
 e - an uncursed amulet of regeneration
 v - an amulet of harm (around neck)
Scrolls
 c - a scroll of recharging
 d - 2 scrolls of enchant weapon {unknown}
 g - 2 scrolls of amnesia {unknown}
 h - 2 scrolls of immolation {unknown}
 j - a scroll of random uselessness {unknown}
 n - a scroll of blinking {unknown}
 o - a scroll of identify
 q - 2 scrolls of teleportation {unknown}
 r - a scroll of magic mapping {unknown}
 s - 2 scrolls of remove curse {unknown}
 u - a scroll of fog {unknown}
Potions
 i - a potion of flight {unknown}
 k - a potion of curing
 l - a potion of heal wounds {unknown}
 p - a potion of might {unknown}
Books
 w - a book of Summonings

   Spells                             Type                      Level
   a - Recall                         Summoning/Translocation      3
   b - Aura of Abjuration             Summoning                    5
   c - Summon Demon                   Summoning                    5
   d - Summon Forest                  Summoning/Translocation      5
   e - Summon Mana Viper              Hexes/Summoning              5
   f - Shadow Creatures               Summoning                    6
Comestibles
 b - 3 bread rations
 m - 6 fruits
 t - 7 chunks of flesh


   Skills:
 + Level 3.6 Fighting
 + Level 2.6 Dodging
 - Level 2.4 Stealth
 * Level 4.9 Unarmed Combat
 + Level 1.6 Spellcasting


You had 7 spell levels left.
You didn't know any spells.

Dungeon Overview and Level Annotations

Branches:
Dungeon (3/15)

Altars:
Dithmenos
Fedhas
Ru
Xom

Annotations:
D:3 Grinder


Innate Abilities, Weirdness & Mutations

You have extremely sharp teeth.
Your natural rate of healing is unusually fast.
When hurt, damage is shared between your health and your magic reserves.
Your bite disrupts and absorbs the magic of your enemies.
Potions and wands cannot restore your health.
You are immune to rotting.
You cannot read scrolls while threatened.


Message History

You redirect Grinder's attack!
Grinder hits himself but does no damage.
Grinder hits you but does no damage.
You barely miss Grinder.
Grinder is lightly wounded.
Grinder hits you.
You writhe in agony. x2
You hit Grinder. Your bite misses Grinder.
Grinder is moderately wounded.
Grinder hits you!
You feel threatened and lose the ability to read scrolls!
You writhe in agony.
You hit Grinder.
Grinder is heavily wounded.
Grinder hits you but does no damage. Grinder gestures at you.
Pain shoots through your body!
* * * LOW HITPOINT WARNING * * *
Drink which item? (? for menu, Esc to quit)
It was a potion of curing.
That felt strangely inert.
Grinder hits you.
You die...

...# ####. ...#### ....
#.....# # . #..###..
#.# .# .. #..#..###.#
.# ...##.....##..###.##
.......†...........####
#....†....##.........
##..5@...####....###
#..?......##)..#.#
.................# #
...##.....##..##.#.# ..
#..#..###.##.#.### .
#..###..##..#.....# ...
#......#.###.### ....
#..##.....# #.... #.J#
. #.....###.##


You could see Grinder.

Vanquished Creatures
  A gnoll (D:1)
  2 adders (D:2)
  2 oozes
  A worm (D:2)
  3 dart slugs
  5 giant geckos
  An orc (D:3)
  7 bats
  7 giant cockroaches
  6 goblins
  6 hobgoblins
  2 jackals (D:3)
  10 kobolds
  5 giant newts
  8 rats
66 creatures vanquished.

Notes
Turn   | Place    | Note
--------------------------------------------------------------
     0 | D:1      | Oddball22 the Vine Stalker Monk began the quest for the Orb.
     0 | D:1      | Reached XP level 1. HP: 11/11 MP: 2/2
   110 | D:1      | Reached XP level 2. HP: 16/16 MP: 1/3
   290 | D:1      | Reached XP level 3. HP: 20/20 MP: 4/4
   498 | D:1      | Reached skill level 1 in Spellcasting
   972 | D:2      | Reached XP level 4. HP: 6/24 MP: 2/6
  1175 | D:2      | Found a blossoming altar of Fedhas.
  1175 | D:2      | Found a shimmering altar of Xom.
  1176 | D:2      | Found a sacrificial altar of Ru.
  1183 | D:2      | Became a worshipper of Ru the Awakened
  1199 | D:2      | Gained mutation: You cannot read scrolls while threatened. [Ru sacrifice]
  1199 | D:2      | Reached * piety under Ru
  1637 | D:3      | Noticed Grinder
  1913 | D:3      | Found a shadowy altar of Dithmenos.
  1949 | D:3      | Reached XP level 5. HP: 24/28 MP: 8/8
  1956 | D:3      | Slain by Grinder

Vault maps used:
D:1:      co_arrival_random_square_maze, minmay_misc_feat_diagonals,
          minmay_misc_feat_chi, minmay_vboxes
D:2:      gammafunk_temple_overflow_claw
D:3:      nicolae_dithmenos_shadow_blocks, uniq_grinder

Skill      XL: |  1  2  3 |
---------------+----------+-----
Fighting       | 3 |  3.6
Spellcasting   | 1 |  1.6
Dodging        | |  2.6
Stealth        | |  2.4
Unarmed Combat | |  4.9

Action                   |  1- 3 |  4- 6 || total
-------------------------+-------+-------++-------
Melee: Unarmed           |     9 |       ||     9
       Hand axe          |    90 |    78 ||   168
Invok: Sacrifice Words   |       |     1 ||     1
  Use: Scroll            |       |     2 ||     2
       Potion            |       |     1 ||     1
 Stab: Sleeping          |     5 |     6 ||    11
       Distracted        |       |     1 ||     1
  Eat: Chunk             |       |     4 ||     4
